 Dungeon Crawl Stone Soup version 0.27-a0-328-g7f782ed93a (webtiles) character file.

Game seed: 16337697120513618689

0 CurlyBrace the Caller (level 1, 2/7 HPs)
             Began as a Felid Summoner on Feb 11, 2021.
             Quit the game on level 3 of the Dungeon.
             The game lasted 00:00:40 (116 turns).

CurlyBrace the Caller (Felid Summoner)               Turns: 116, Time: 00:00:41

Health: 2/7        AC:  1    Str:  2 (4)  XL:     1   Next: 8%
Magic:  4/4        EV: 17    Int: 13 (16) God:
Gold:   26         SH:  0    Dex: 13 (16) Spells: 3/4 levels left
                                        Lives:  0   Deaths: 0

rFire    . . .     SeeInvis +   (weapon unavailable)
rCold    . . .     Faith    .   (shield unavailable)
rNeg     . . .     Spirit   .   (armour unavailable)
rPois    .         Reflect  .   (helmet unavailable)
rElec    .         Harm     .   (cloak unavailable)
rCorr    .         Rampage  .   (gloves unavailable)
Will     .....                  (boots unavailable)
Stlth    ++........             (no amulet)
HPRegen  0.02/turn              (no ring)
MPRegen  0.09/turn              (no ring)

@: quick
A: very small, no armour, no weapons or thrown items, stealth, claws 1, fangs 3,
see invisible, speed 1, shaggy fur 1, sharp paws
a: no special abilities


You were on level 3 of the Dungeon.
You visited 1 branch of the dungeon, and saw 3 of its levels.

You collected 26 gold pieces.

You aren't carrying anything.


   Skills:
 * Level 0.0 Fighting
 + Level 2.7 Dodging
 + Level 2.7 Stealth
 * Level 0.1 Unarmed Combat
 - Level 2.0 Spellcasting
 - Level 4.0 Summonings


You had 3 spell levels left.
You knew the following spells:

 Your Spells              Type           Power        Failure   Level
a - Summon Small Mammal   Summ           44%          4%          1

Your spell library contained the following spells:

 Spells                   Type           Power        Failure   Level
 Call Imp                 Summ           11%          8%          2
 Call Canine Familiar     Summ           11%          14%         3
 Summon Guardian Golem    Hex/Summ       6%           32%         3
 Summon Ice Beast         Ice/Summ       6%           73%         4
 Summon Lightning Spire   Summ/Air       6%           73%         4


Dungeon Overview and Level Annotations

Branches:
Dungeon (3/15)

Altars:

Annotations:
D:2 Natasha


Innate Abilities, Weirdness & Mutations

You cannot wear armour.
You are incapable of wielding weapons or throwing items.
Your paws allow you to move quietly. (Stealth)
You have sharp claws.
You have razor-sharp teeth.
You have supernaturally acute eyesight. (SInv)
You cover ground quickly.
You are covered in fur. (AC +1)
Your sharp claws are effective at attacking unaware monsters.


Message History

A hobgoblin and a gnoll come into view.
The gnoll shouts!
A gnoll comes into view. It is wielding a +0 spear.
There is a stone staircase leading down here.
The ball python barely misses you. The ball python misses you.
You climb downwards.
There is a stone staircase leading up here.
Unknown command.
Found a long sword. 2 jackals come into view.
Found 17 gold pieces.
A jackal comes into view.
A kobold comes into view.
The kobold shouts!
The jackal barks!
You hear a bark!
A jackal comes into view.
The jackal barks!
You hear a bark!
The jackal closely misses you.
You see here 17 gold pieces.
You now have 26 gold pieces (gained 17).
The jackal misses you. The jackal closely misses you.
The jackal closely misses you.
Found a club.
Found 11 gold pieces.
Found a pink potion.
The jackal pauses to sniff the ground.
The jackal closely misses you.
You see here a pink potion.
It was a potion of degeneration.
There was something very wrong with that liquid.
You feel weakened.
You feel dopey.
You feel clumsy.
As you read the scroll labelled NIV ERGHEIG, it crumbles to dust.
You hear a loud clanging noise!
It was a scroll of noise.
You hear a shout!
You hear an angry hiss.
You hear a shout! x6
The jackal bites you. The jackal misses you. The jackal bites you.
* * * LOW HITPOINT WARNING * * *
Unknown command.
The jackal misses you.
Unknown command.
Are you sure you want to abandon this character and quit the game? (Confirm with "yes".)

.. #. #.###
#.... #..#
#####.$#####
#........h.#
#.......hhh#
#........@.#
#..........#
####.).K......#
#......##...###
#......##.#.#
#......##.....
#......#####..#
#.)...h# ..#
#......# .##


You could see 4 jackals and a kobold.

Vanquished Creatures
  A frilled lizard (D:2)
1 creature vanquished.

Notes
Turn   | Place    | Note
-------+----------+-------------------------------------------
     0 | D:1      | CurlyBrace the Felid Summoner began the quest for the Orb.
     0 | D:1      | Reached XP level 1. HP: 7/7 MP: 4/4
    69 | D:2      | Noticed Natasha
    72 | D:2      | Noticed a crimson imp
   116 | D:3      | Quit the game

Illustrated notes

Levels and vault maps discovered:
D:1:      lemuel_arrival_room, layout_basic
D:2:      layout_basic, nicolae_overflow_crystal_walls, tgw_fedhas, uniq_natasha
D:3:      layout_basic, evilmike_ruin_ashenzari, uniq_ijyb, uniq_terence

Action                   || total
-------------------------++-------
Melee: Unarmed           ||    10
       Bite              ||     1
  Use: Scroll            ||     1
       Potion            ||     1
Dodge: Dodged            ||    18

Table legend: (Time is in decaauts)
 A = Elapsed time spent in this place.
 B = Non-inter-level travel time spent in this place.
 C = Inter-level travel time spent in this place.
 D = Time resting spent in this place.
 E = Time spent auto-exploring this place.
 F = Levels seen in this place.
 G = Mean time per level.
                   A        B        C        D        E       F      G
               +--------+--------+--------+--------+--------+-----+--------+
         Total |     96 |     96 |      0 |      0 |      0 |   3 |   32.0 |
       Dungeon |     96 |     96 |      0 |      0 |      0 |   3 |   32.0 |
               +--------+--------+--------+--------+--------+-----+--------+

Top non-repeatable levels by time:
     D:1: 50 daAuts
     D:3: 24 daAuts
     D:2: 22 daAuts
